AoeStats
← facundoacuna1227

Arabia

509254201Analyzed
1v1 RM · 8d ago on Sep 26, 2026· 54m 48s· 2 players
Game mode
Random Map
Map size
Tiny (2 player)
Population
200
Speed
Normal
Resources
Standard
Victory
Conquest
Starting age
Dark Age
Ending age
Imperial Age
RankedLock teamsTeams togetherTeam positionsShared explorationLock speedFull tech treeHidden civsTurbo modeCheats
Victory
Defeat
🇲🇽 Spanish · Mexico
866
+24
🇨🇱 Vietnamese · Chile
813
-14
facundoacuna1227
3:53 Loom
10:53 Feudal Age
11:30 Horse Collar
12:09 Double-Bit Axe
16:33 Scale Barding Armor
18:14 Town Watch
18:55 Forging
25:36 Castle Age
25:54 Bloodlines
27:00 Chain Barding Armor
26:37 Gold Mining
26:51 Heavy Plow
27:02 Bow Saw
29:55 Iron Casting
35:35 Fletching
35:46 Padded Archer Armor
35:48 Scale Mail Armor
39:08 Imperial Age
41:47 Plate Barding Armor
42:12 Blast Furnace
41:07 Cavalier
41:48 Husbandry
46:21 Elite Skirmisher
48:32 Bodkin Arrow
48:53 Leather Archer Armor
48:48 Thumb Ring
50:20 Light Cavalry
51:57 Hoardings
54:40 Hussar
Kotone
2:39 Loom
11:14 Feudal Age
11:50 Double-Bit Axe
11:58 Gold Mining
11:58 Town Watch
13:59 Horse Collar
15:29 Wheelbarrow
17:48 Fletching
22:06 Castle Age
20:29 Stone Mining
22:37 Forging
23:08 Town Patrol
23:51 Pikeman
26:30 Scale Mail Armor
28:20 Arson
28:47 Elite Skirmisher
30:39 Heavy Plow
32:38 Heated Shot
33:08 Ballistics
32:50 Light Cavalry
33:41 Bloodlines
33:30 Crossbowman
36:56 Squires
39:08 Bodkin Arrow
39:54 Hand Cart
40:21 Bow Saw
43:23 Imperial Age
44:46 Thumb Ring
44:46 Halberdier
48:14 Capped Ram
51:35 Imperial Skirmisher
53:31 Chemistry
Connection lost

Rejoining the realm…

Still unreachable

The connection could not be restored.

Session expired

The server has moved on; the page needs a fresh start.